 Dungeon Crawl Stone Soup version 0.32-a0-599-gba8f9cf90e (webtiles) character file.

Game seed: 11117905630689810384

3066 ezpacito the Charlatan (level 9, -11/69 HPs)
             Began as a Coglin Chaos Knight on Mar 2, 2024.
             Was a Plaything of Xom.
             Killed by the air
             ... invoked by Gastronok
              (42 damage)
             ... on level 8 of the Dungeon.
             The game lasted 00:10:34 (6974 turns).

ezpacito the Charlatan (Coglin Chaos Knight)        Turns: 6974, Time: 00:10:34

Health: -11/69     AC: 13    Str: 13    XL:     9   Next: 88%
Magic:  12/12      EV:  9    Int: 15    God:    Xom [.*....]
Gold:   190        SH:  0    Dex: 14    Spells: 3/12 levels left

rFire   . . .        a - +2 hand axe (chaos) {Zorawar}
rCold   . . .        x - +4 hand axe (elec) {Busisiwe}
rNeg    . . .        o - +0 chain mail {Will+}
rPois   .            r - +2 hat
rElec   .            m - scarf {harm}
rCorr   .            (no gloves)
SInv    .            h - +0 pair of boots
Will    +....        (amulet unavailable) Stlth
                     (ring unavailable)
HPRegen 0.31/turn    (ring unavailable)
MPRegen 0.13/turn    (no gizmo)

%: harm (+30% outgoing, +20% incoming)
@: confused, brilliant, ambrosia-drunk
A: off-hand wielding, slow wielding, warmup strikes, no jewellery, fangs 1,
clever 1, passive freeze, shaggy fur 1, weak 1, MP-powered wands, sturdy frame 1
a: Invent Gizmo, Renounce Religion


You were on level 8 of the Dungeon.
You worshipped Xom.
You were a plaything of Xom.
You visited 2 branches of the dungeon, and saw 9 of its levels.

You collected 377 gold pieces.
You spent 187 gold pieces at shops.

Inventory:

Hand Weapons
 a - a +2 hand axe of chaos (weapon) {Zorawar}
 x - a +4 hand axe of electrocution (offhand) {Busisiwe}
Missiles
 k - 12 boomerangs
 p - 5 atropa-tipped darts
Armour
 d - a +0 helmet
 h - a +0 pair of boots (worn)
 m - a scarf of harm (worn)
 o - a +0 chain mail of willpower (worn)
 r - a +2 hat (worn)
Magical Staves
 e - a staff of cold
 j - a staff of alchemy
Talismans
 c - a dragon-blood talisman
Wands
 u - a wand of flame (26)
 v - a wand of light (15)
 z - a wand of polymorph (9)
Scrolls
 b - a scroll of vulnerability
 g - 2 scrolls of fear
 t - 2 scrolls of teleportation
 w - a scroll of amnesia
 y - a scroll of immolation
 A - a scroll of blinking {unknown}
 B - a scroll of fog
Potions
 f - 3 potions of lignification
 l - 2 potions of enlightenment
 n - 2 potions of attraction
 q - 2 potions of curing


   Skills:
 * Level 5.7 Fighting
 * Level 5.9(6.2) Axes
 + Level 2.7(4.4) Polearms
 * Level 4.8 Armour
 * Level 4.3 Dodging
 + Level 2.5 Stealth
 + Level 2.7 Unarmed Combat
 + Level 2.4 Spellcasting
 + Level 1.1 Summonings
 + Level 0.9 Translocations
 + Level 3.2 Alchemy
 * Level 6.3 Evocations


You had 3 spell levels left.
You knew the following spells:

 Your Spells              Type           Power      Damage    Failure   Level
a - Magic Dart            Conj           8%         1d3       86%         1
b - Blink                 Tloc           14%        N/A       86%         2
c - Call Imp              Summ           14%        N/A       85%         2
d - Lesser Beckoning      Tloc           14%        N/A       86%         2
e - Momentum Strike       Conj/Tloc      8%         3d8       90%         2

Your spell library contained the following spells:

 Spells                   Type           Power      Damage    Failure   Level


Dungeon Overview and Level Annotations

Branches:
Dungeon (8/15)             Temple (1/1) D:5
   Lair: D:8-11

Altars:
Ashenzari
Cheibriados
Dithmenos
Elyvilon
Fedhas
Gozag
Hepliaklqana
Kikubaaqudgha
Nemelex Xobeh
Okawaru
Qazlal
Ru
Sif Muna
Trog
Uskayaw
Wu Jian
Xom
Yredelemnul
Zin
The Shining One
Beogh

Shops:
D:1 [

Annotations:
D:8 Gastronok


Innate Abilities, Weirdness & Mutations

You can wield a second weapon in your off-hand.
It takes a long time for you to wield or remove held weapons.
Your first few attacks do less damage.
You cannot equip rings or amulets.
You have very sharp teeth.
Your mind is acute. (Int +4, Str/Dex -1)
A frigid envelope surrounds you and freezes all who hurt you.
You are covered in fur. (AC +1)
You are weak. (Str -2)
You expend magic power (3 MP) to strengthen your wands.
Your movements are slightly less encumbered by armour. (ER -2)


Message History

You hit the orc with your +4 hand axe of electrocution.
You kill the orc!
The orc wizard hits you but does no damage.
The orc wizard resists.
The orc wizard is very cold.
The orc wizard is almost dead.
You completely miss the orc wizard with your +2 hand axe of chaos.
The orc wizard is almost dead.
You hit the orc wizard with your +4 hand axe of electrocution.
You kill the orc wizard!
No target in view!
No target in view!
No target in view!
No target in view!
No target in view!
No target in view!
Things that are here:
a +0 dagger; a +0 robe; an orc corpse
Items here: )) ††.
Found a stone staircase leading up.
B - a scroll of fog Gastronok the Ponderous comes into view.
He is wearing a +0 hat of see invisible.
Gastronok gurgles horribly!
Gastronok waves his eye-stalks in wide circles.
The air twists around and strikes you!!
Ouch! That really hurt!
Xom thinks this is hilarious!
A shower of butterflies erupts from you!
You take 42 damage, and have 27/69 hp.
MASSIVE DAMAGE!!
You are too injured to fight recklessly!
You are too injured to fight recklessly!
You feel clever all of a sudden.
It was a potion of ambrosia.
You are confused.
You feel invigorated.
Gastronok waves his eye-stalks in wide circles.
The air twists around and strikes you!!
Ouch! That really hurt!
You die...
Gastronok gurgles, "Let's see if you taste as good as that wizard did."
Xom laughs nastily!

........###
########..# .
#..# . #.#..# ##
##.##.#..# ...
......b..###....
......)b........
................
........@###....
......b..w# ...
#######..... .
........
##.#.......
#.#....... #.
.....?. #.
.......


You could see Gastronok (ally target).

Vanquished Creatures
  Grinder (D:4)
  A steam dragon (D:8)
  Menkaure (D:6)
  2 water moccasins
  An orc warrior (D:7)
  An ice beast (D:6)
  A sky beast (D:7)
  An ogre (D:5)
  3 centaurs
  A phantom (D:6)
  2 bullfrogs
  2 scorpions
  2 jellies
  2 bombardier beetles
  3 orc priests
  9 hounds
  7 orc wizards
  3 iguanas
  Robin (D:3)
  3 adders
  8 gnolls
  A shadow imp (D:6)
  2 white imps
  2 ufetubi (D:6)
  4 dart slugs
  4 ribbon worms
  28 orcs
  7 ball pythons
  7 bats
  5 endoplasms
  3 giant cockroaches
  14 goblins
  6 hobgoblins
  10 jackals
  5 quokkas
  4 frilled lizards
  A kobold (D:1)
  4 rats
162 creatures vanquished.

Vanquished Creatures (collateral kills)
  The ghost of Rulersjester the Chopper, a novice CoGl (D:4)
  An ogre (D:4)
  A howler monkey (D:4)
  An orc priest (D:4)
  2 orc wizards (D:4)
  8 orcs
  A goblin (D:4)
  A quokka (D:4)
  A kobold (D:4)
17 creatures vanquished.

Vanquished Creatures (others)
  An ogre (D:5)
  A jackal zombie (D:5)
2 creatures vanquished.

Grand Total: 181 creatures vanquished

Notes
Turn   | Place    | Note
-------+----------+-------------------------------------------
     0 | D:1      | ezpacito the Coglin Chaos Knight began the quest for the
                  | Orb.
     0 | D:1      | Reached XP level 1. HP: 18/18 MP: 1/1
    26 | D:1      | Found a faded altar of an unknown god.
    68 | D:1      | Reached skill level 1 in Dodging
    80 | D:1      | Reached XP level 2. HP: 24/24 MP: 2/2
   185 | D:1      | XOM: divination: magic mapping
   217 | D:1      | Found Jef Xiboen's Antique Armour Shop.
   496 | D:1      | XOM: divination: magic mapping
   544 | D:1      | XOM: noise
   652 | D:1      | XOM: silly message
   746 | D:1      | XOM: divination: detect creatures
   841 | D:2      | Reached XP level 3. HP: 28/29 MP: 3/3
  1176 | D:2      | XOM is BORED!
  1176 | D:2      | XOM: silly message
  1207 | D:2      | XOM: divination: magic mapping
  1259 | D:2      | Found a shimmering blue altar of Sif Muna.
  1331 | D:2      | XOM: noise
  1341 | D:2      | Reached XP level 4. HP: 23/35 MP: 4/4
  1579 | D:2      | Identified the ring "Gekhoaha" {^Contam rPois rCorr Int+2
                  | Dex+6}
  1686 | D:2      | XOM: divination: detect items
  1693 | D:3      | XOM: stealth player
  1766 | D:3      | Reached skill level 1 in Evocations
  1920 | D:3      | Reached XP level 5. HP: 41/41 MP: 5/5
  1973 | D:3      | Reached skill level 1 in Polearms
  2284 | D:3      | XOM: silly message
  2388 | D:3      | Reached skill level 1 in Alchemy
  2394 | D:3      | HP: 2/41 [gnoll/+0 halberd (6)]
  2395 | D:3      | XOM: potion effect (haste)
  2397 | D:3      | Gained mutation: You are weak. (Str -2) [potion of
                  | mutation]
  2636 | D:3      | XOM: give mutations
  2636 | D:3      | Gained mutation: You occasionally lose the ability to drink
                  | potions when taking damage. [Xom's mischief]
  2636 | D:3      | Gained mutation: You expend magic power (3 MP) to
                  | strengthen your wands. [Xom's mischief]
  2636 | D:3      | Gained mutation: You have very sharp teeth. [Xom's
                  | mischief]
  2636 | D:3      | Gained mutation: Your body sometimes deteriorates upon
                  | taking damage. [Xom's mischief]
  2648 | D:3      | Noticed Robin
  2658 | D:3      | Killed Robin
  2659 | D:3      | Reached skill level 2 in Evocations
  2659 | D:3      | Reached XP level 6. HP: 36/47 MP: 6/6
  2865 | D:4      | Reached skill level 1 in Stealth
  2973 | D:4      | Reached skill level 1 in Unarmed Combat
  3007 | D:4      | Reached skill level 1 in Spellcasting
  3007 | D:4      | Reached XP level 7. HP: 14/53 MP: 8/8
  3168 | D:4      | Found an ornate altar of the Wu Jian Council.
  3241 | D:4      | Found a shadowy altar of Dithmenos.
  3241 | D:4      | Found a snail-covered altar of Cheibriados.
  3241 | D:4      | Noticed Grinder
  3245 | D:4      | XOM: fake destruction
  3249 | D:4      | XOM: summons friendly shadow imp
  3250 | D:4      | XOM: smoke on damage
  3254 | D:4      | Killed Grinder
  3255 | D:4      | Reached skill level 3 in Evocations
  3442 | D:4      | XOM: scenery: 1 doors close
  3638 | D:4      | Found a glowing silver altar of Zin.
  3706 | D:4      | Found a runed translucent gate.
  3707 | D:4      | Noticed Rulersjester's ghost (novice CoGl)
  3707 | D:4      | Found a runed translucent gate.
  3708 | D:4      | Found a runed translucent gate.
  3711 | D:4      | Identified the +0 ring mail "Zusasog" {Harm rF- Int+2
                  | Stlth+}
  3737 | D:4      | Found a roughly hewn altar of Beogh.
  3761 | D:4      | Killed Rulersjester's ghost
  3762 | D:4      | Reached skill level 4 in Evocations
  3762 | D:4      | Reached XP level 8. HP: 35/61 MP: 8/10
  3893 | D:4      | XOM: give mutations
  3893 | D:4      | Gained mutation: Your mind is acute. (Int +4, Str/Dex -1)
                  | [Xom's grace]
  3893 | D:4      | Gained mutation: You are covered in fur. (AC +1) [Xom's
                  | grace]
  3990 | D:2      | XOM: cloud trail
  4009 | D:1      | XOM: give mutations
  4009 | D:1      | Gained mutation: Your flesh is heat resistant. (rF+) [Xom's
                  | grace]
  4009 | D:1      | Gained mutation: A frigid envelope surrounds you and
                  | freezes all who hurt you. [Xom's grace]
  4013 | D:1      | Bought a runed chain mail for 187 gold pieces
  4094 | D:4      | XOM: cloud trail
  4131 | D:5      | Entered Level 5 of the Dungeon
  4139 | D:5      | Found a stormy altar of Qazlal.
  4197 | D:5      | XOM: summons friendly white imp
  4281 | D:5      | Reached skill level 5 in Axes
  4477 | D:5      | You fall into a shaft and drop 1 floor!
  4496 | D:6      | Reached skill level 5 in Fighting
  4496 | D:6      | Reached skill level 5 in Evocations
  4623 | D:6      | Noticed Menkaure
  4626 | D:6      | Killed Menkaure
  4627 | D:6      | Reached XP level 9. HP: 68/68 MP: 10/12
  4913 | D:5      | Found a staircase to the Ecumenical Temple.
  4914 | D:5      | Lost mutation: Your body sometimes deteriorates upon taking
                  | damage. [potion of mutation]
  4914 | D:5      | Lost mutation: You occasionally lose the ability to drink
                  | potions when taking damage. [potion of mutation]
  4914 | D:5      | Lost mutation: Your flesh is heat resistant. (rF+) [potion
                  | of mutation]
  4923 | Temple   | XOM: noise
  4923 | Temple   | Entered the Ecumenical Temple
  5024 | D:5      | XOM: give mutation
  5024 | D:5      | Gained mutation: Your movements are slightly less
                  | encumbered by armour. (ER -2) [Xom's grace]
  5180 | D:5      | XOM: summons 5 hostile demons
  5181 | D:5      | Noticed a sixfirhy
  5206 | D:5      | XOM: torment (26/68 hp)
  5412 | D:6      | XOM: summons 2 hostile shadow creatures
  5536 | D:6      | XOM: summons 5 hostile demons
  5620 | D:6      | XOM: cast spell 'Olgreb's Toxic Radiance'
  5922 | D:7      | Learned a level 1 spell: Magic Dart
  5925 | D:7      | Learned a level 2 spell: Blink
  5928 | D:7      | Learned a level 2 spell: Call Imp
  5931 | D:7      | Learned a level 2 spell: Lesser Beckoning
  5934 | D:7      | Learned a level 2 spell: Momentum Strike
  6089 | D:7      | XOM: summons 4 hostile shadow creatures
  6161 | D:7      | XOM: 7-stop teleportation journey
  6164 | D:7      | XOM: god gift: kite shield {god gift}
  6341 | D:7      | XOM: summons 5 friendly demons
  6343 | D:7      | Reached skill level 6 in Evocations
  6568 | D:7      | Reached skill level 1 in Summonings
  6936 | D:8      | Found a sacrificial altar of Ru.
  6969 | D:8      | Noticed Gastronok
  6972 | D:8      | XOM: butterfly on damage
  6974 | D:8      | Killed from afar by Gastronok

Illustrated notes

Levels and vault maps discovered:
D:1:      nzn_arrival_depleted_hourglass, layout_basic,
          ebering_ecumenical_altar_mist, serial_shops, shop
D:2:      layout_basic, basic_altar, grunt_ministairs_10
D:3:      layout_loops_corners, uniq_robin
D:4:      layout_loops_ring, jmf_multi_god_temple, zin_statuary,
          amcnicky_altar_gilded, biasface_ghost_orc_armoury,
          serial_bayou_crossing, uniq_grinder
D:5:      layout_rooms, overflow_temple_1_default, lemuel_temple_firewalk_b
D:6:      layout_gridville, nicolae_letterblocks [nicolae_letter_subblock,
          nicolae_letter_subblock, nicolae_letter_subblock,
          nicolae_letter_subblock, nicolae_letter_subblock,
          nicolae_letter_subblock, nicolae_letter_subblock,
          nicolae_letter_subblock, nicolae_letter_subblock,
          nicolae_letter_subblock, nicolae_letter_subblock,
          nicolae_letter_subblock, nicolae_letter_subblock,
          nicolae_letter_subblock, nicolae_letter_subblock,
          nicolae_letter_subblock, nicolae_letter_subblock,
          nicolae_letter_subblock, nicolae_letter_subblock,
          nicolae_letter_subblock, nicolae_letter_subblock,
          nicolae_letter_subblock, nicolae_letter_subblock,
          nicolae_letter_subblock, nicolae_letter_subblock], uniq_menkaure
D:7:      layout_loops_ring
D:8:      minmay_clustersquares, layout_basic, nicolae_ru_sacrificial_ziggurat,
          uniq_gastronok
Temple:   nicolae_temple_superstar

Skill      XL: |  1  2  3  4  5  6  7  8  9 |
---------------+----------------------------+-----
Dodging        | 1 2 3 4 |  4.3
Armour         | 2 3 4 |  4.8
Evocations     | 1 2 4 5 6 |  6.3
Polearms       | 1 2 |  2.7
Alchemy        | 1 2 3 |  3.2
Stealth        | 1 2 |  2.5
Unarmed Combat | 1 2 |  2.7
Axes           | 4 5 |  5.9
Spellcasting   | 1 2 |  2.4
Fighting       | 4 5 |  5.7
Summonings     | 1 |  1.1
Translocations | |  0.9

Action                     |  1- 3 |  4- 6 |  7- 9 || total
---------------------------+-------+-------+-------++-------
  Melee: Dagger            |    73 |    53 |       ||   126
         Hand axe          |    72 |   111 |   273 ||   456
         Bite              |       |     3 |    21 ||    24
    Use: Scroll            |       |    10 |     9 ||    19
         Potion            |       |     3 |     3 ||     6
   Stab: Sleeping          |     2 |     1 |       ||     3
         Confused          |       |       |     2 ||     2
         Petrifying        |       |       |     1 ||     1
 Armour: Leather armour    |    44 |    24 |       ||    68
         Chain mail        |       |    91 |   151 ||   242
  Dodge: Dodged            |    60 |    34 |    66 ||   160

Table legend: (Time is in decaauts)
 A = Elapsed time spent in this place.
 B = Non-inter-level travel time spent in this place.
 C = Inter-level travel time spent in this place.
 D = Time resting spent in this place.
 E = Time spent auto-exploring this place.
 F = Levels seen in this place.
 G = Mean time per level.
                   A        B        C        D        E       F      G
               +--------+--------+--------+--------+--------+-----+--------+
         Total |   6979 |   6456 |    523 |    465 |   4757 |   9 |  775.4 |
       Dungeon |   6978 |   6455 |    523 |    465 |   4757 |   8 |  872.2 |
        Temple |      1 |      1 |      0 |      0 |      0 |   1 |    1.0 |
               +--------+--------+--------+--------+--------+-----+--------+

Top non-repeatable levels by time:
     D:4: 1177 daAuts
     D:3: 1157 daAuts
     D:1: 969 daAuts
     D:5: 946 daAuts
     D:6: 836 daAuts
     D:2: 830 daAuts
     D:7: 766 daAuts
     D:8: 293 daAuts
  Temple: 1 daAuts
